 Dungeon Crawl Stone Soup version 0.31-a0-221-gbddc013574 (webtiles) character file.

Game seed: 16146138917162242742

285 olmar the Insei (level 5, -5/60 HPs)
             Began as a Demigod Transmuter on July 4, 2023.
             Slain by a scorpion (7 damage)
             ... on level 3 of the Dungeon.
             The game lasted 00:05:19 (2692 turns).

olmar the Insei (Demigod Transmuter)                Turns: 2692, Time: 00:05:20

Health: -5/60      AC:  2    Str: 11    XL:     5   Next: 79%
Magic:  12/12      EV: 12    Int: 19    God:
Gold:   196        SH:  0    Dex: 14    Spells: 4/10 levels left

rFire   + .          .
                       - Unarmed
rCold   + . .        (no shield)
rNeg    . . .        a - +0 robe
rPois   .            q - melded +0 helmet "Joleir" {rF+}
rElec   .            i - scarf {rC+ rF+}
rCorr   .            (no gloves)
SInv    .            (boots currently unavailable)
Will    .....        n - amulet of magic regeneration Stlth
                     (no ring)
HPRegen 0.30/turn    (no ring)
MPRegen 0.53/turn

%: no passive effects
@: berserking, lethally poisoned (-5 -> -18), appendages, wereblooded, very
quick
A: horns 2, talons 2, high MP 1, forlorn, divine attributes
a: End Transformation


You were on level 3 of the Dungeon.
You had temporarily grown beastly horns and talons.
You visited 1 branch of the dungeon, and saw 3 of its levels.

You collected 196 gold pieces.

Inventory:

Missiles
 r - 2 throwing nets
Armour
 a - a +0 robe (worn)
 d - a +1 ring mail of fire resistance
 i - a scarf of resistance (worn)
 q - the +0 helmet "Joleir" (melded) {rF+}
   (You took it off Robin on level 3 of the Dungeon)

   rF:        It protects you from fire.
Jewellery
 n - an amulet of magic regeneration (around neck)
Scrolls
 c - a scroll of enchant weapon {unknown}
 f - a scroll of silence {unknown}
 g - a scroll of teleportation {unknown}
 h - 2 scrolls of fear
 j - a scroll of noise {unknown}
 k - a scroll of vulnerability {unknown}
 l - a scroll of brand weapon {unknown}
 o - a scroll of blinking
 p - a scroll of torment {unknown}
Potions
 m - a potion of ambrosia {unknown}


   Skills:
 + Level 1.2 Fighting
 + Level 2.6 Dodging
 + Level 4.2 Unarmed Combat
 + Level 3.3 Spellcasting
 + Level 2.9 Transmutations


You had 4 spell levels left.
You knew the following spells:

 Your Spells              Type           Power      Damage    Failure   Level
a - Beastly Appendage     Tmut           28%        N/A       4%          1
b - Wereblood             Tmut           14%        N/A       7%          2
c - Spider Form           Tmut/Pois      8%         N/A       24%         3

Your spell library contained the following spells:

 Spells                   Type           Power      Damage    Failure   Level
 Ice Form                 Ice/Tmut       8%         N/A       63%         4
 Fireball                 Conj/Fire      1%         3d3       99%         5
 Iskenderun's Battlesphe  Conj           3%         2d6       99%         5
 Conjure Ball Lightning   Conj/Air       1%         3x3d6     100%        6
 Orb of Destruction       Conj           1%         9d5       100%        7


Dungeon Overview and Level Annotations

Branches:
Dungeon (3/15)


Innate Abilities, Weirdness & Mutations

You have temporarily grown beastly horns and talons.
You have an increased reservoir of magic. (+10% MP)
You shall have no god before yourself.
Your divine heritage dramatically boosts your attributes as you level up.


Message History

Confirm with . or Enter, or press ? or * to list all spells.
You grow a pair of large bovine horns.
Your feet morph into talons.
The +0 helmet "Joleir" {rF+} melds into your body.
Unknown command.
You hit the scorpion but do no damage. Your headbutt misses the scorpion.
The scorpion stings you.
Unknown command.
You barely miss the scorpion. Your kick misses the scorpion.
The scorpion stings you.
You barely miss the scorpion. You claw the scorpion.
Your headbutt misses the scorpion.
The scorpion is moderately wounded.
The scorpion stings you but does no damage.
Unknown command.
You barely miss the scorpion.
The scorpion is moderately wounded.
The scorpion completely misses you. The scorpion stings you.
* * * LOW HITPOINT WARNING * * *
You are poisoned.
The scorpion poisons you!
Unknown command.
You hit the scorpion but do no damage.
You claw the scorpion, but do no damage.
The scorpion is moderately wounded.
You feel very sick. The scorpion stings you.
* * * LOW HITPOINT WARNING * * *
Unknown command.
It was a potion of berserk rage.
A red film seems to cover your vision as you go berserk!
You feel yourself moving faster!
You feel mighty!
You feel sick. The scorpion stings you.
* * * LOW HITPOINT WARNING * * *
You are more poisoned.
The scorpion poisons you!
You punch the scorpion!
The scorpion is severely wounded.
* * * LOW HITPOINT WARNING * * *
You feel sick. The scorpion stings you!
You die...

......).o...#..............#####
............#.s......#..##.#
.....................[..##.###
.......s.........####.#..#...##
..............##.# #.##.###..#
....#......#.....# #.##.o.##.#
..###....#...#..#####.####.##.##
####...##s###...# #.##...
#...... #@#..<######.####.
.......##))........#...#..
#.....))).#######.###....
#.....##### #........ #.....
######... ##.### ##.. .. .... ..
##... . #...


You could see a scorpion.

Vanquished Creatures
  A hound (D:2)
  3 orc priests (D:3)
  Robin (D:3)
  3 gnolls (D:2)
  4 adders
  2 dart slugs (D:2)
  9 orcs
  7 bats
  5 endoplasms
  4 giant cockroaches (D:1)
  14 goblins
  7 hobgoblins
  4 kobolds
  2 quokkas (D:2)
  5 ball pythons
  3 frilled lizards
  5 rats
79 creatures vanquished.

Notes
Turn   | Place    | Note
-------+----------+-------------------------------------------
     0 | D:1      | olmar the Demigod Transmuter began the quest for the Orb.
     0 | D:1      | Reached XP level 1. HP: 15/15 MP: 5/5
   151 | D:1      | Reached skill level 3 in Unarmed Combat
   181 | D:1      | Reached XP level 2. HP: 21/22 MP: 5/7
   230 | D:1      | Learned a level 2 spell: Wereblood
   870 | D:2      | Reached XP level 3. HP: 27/27 MP: 4/8
  1120 | D:2      | Reached skill level 1 in Fighting
  1702 | D:2      | Reached XP level 4. HP: 33/35 MP: 10/10
  2039 | D:3      | Learned a level 3 spell: Spider Form
  2157 | D:3      | Identified the +0 helmet "Joleir" {rF+}
  2157 | D:3      | Noticed Robin
  2170 | D:3      | Killed Robin
  2203 | D:3      | Reached XP level 5. HP: 40/40 MP: 10/12
  2442 | D:2      | Reached skill level 4 in Unarmed Combat
  2691 | D:3      | HP: 3/60 [scorpion (6)]
  2692 | D:3      | Slain by a scorpion

Illustrated notes

Levels and vault maps discovered:
D:1:      amcnicky_arrival_blooded_trapdoor, layout_loops_cross
D:2:      layout_loops_ring
D:3:      layout_rooms, nicolae_overflow_crystal_walls,
          chequers_ecumenical_altar_island, nicolae_elevator_lobby_asterisk,
          uniq_robin

Skill      XL: |  1  2  3  4  5 |
---------------+----------------+-----
Spellcasting   | 2 3 |  3.3
Unarmed Combat | 3 4 |  4.2
Dodging        | 2 |  2.6
Fighting       | 1 |  1.2
Transmutations | 2 |  2.9

Action                     |  1- 3 |  4- 6 || total
---------------------------+-------+-------++-------
  Melee: Unarmed           |   126 |    99 ||   225
         Headbutt          |    15 |    11 ||    26
         Kick              |    21 |    16 ||    37
         Punch             |     1 |     3 ||     4
   Cast: Beastly Appendage |    23 |    11 ||    34
         Wereblood         |    13 |     9 ||    22
    Use: Scroll            |     2 |     1 ||     3
         Potion            |       |     4 ||     4
   Stab: Sleeping          |     1 |       ||     1
 Armour: Robe              |    26 |     6 ||    32
         Skin              |       |    11 ||    11
  Dodge: Dodged            |    87 |    62 ||   149

Table legend: (Time is in decaauts)
 A = Elapsed time spent in this place.
 B = Non-inter-level travel time spent in this place.
 C = Inter-level travel time spent in this place.
 D = Time resting spent in this place.
 E = Time spent auto-exploring this place.
 F = Levels seen in this place.
 G = Mean time per level.
                   A        B        C        D        E       F      G
               +--------+--------+--------+--------+--------+-----+--------+
         Total |   2679 |   2566 |    113 |    470 |   1343 |   3 |  893.0 |
       Dungeon |   2679 |   2566 |    113 |    470 |   1343 |   3 |  893.0 |
               +--------+--------+--------+--------+--------+-----+--------+

Top non-repeatable levels by time:
     D:2: 1315 daAuts
     D:1: 880 daAuts
     D:3: 483 daAuts
